 Dungeon Crawl Stone Soup version 0.28-a0-413-gde365fb1df (webtiles) character file.

Game seed: 2288801801257134163

12598 Astera the Cruncher (level 12, -1/86 HPs)
             Began as a Formicid Fighter on Sept 6, 2021.
             Was a High Priest of Hepliaklqana.
             Slain by a five-headed hydra (13 damage)
             ... on level 12 of the Dungeon on Sept 7, 2021.
             The game lasted 00:48:33 (13498 turns).

Astera the Cruncher (Formicid Fighter)             Turns: 13498, Time: 00:48:35

Health: -1/86      AC: 14    Str: 24    XL:     12   Next: 22%
Magic:  30/30      EV: 11    Int:  9    God:    Hepliaklqana [*****.]
Gold:   451        SH:  5    Dex: 11    Spells: 11/11 levels left

rFire   . . .      SeeInvis +   a - +0 quarterstaff
rCold   . . .      Faith    .   c - +0 buckler
rNeg    . . .      Spirit   .   b - +0 scale mail
rPois   .          Reflect  .   (helmet unavailable)
rElec   .          Harm     .   F - +2 cloak
rCorr   .          Rampage  .   (no gloves)
Will    +....                   m - +1 pair of boots
Stlth   +.........              (no amulet)
HPRegen 0.24/turn               f - ring of magical power
MPRegen 0.22/turn               D - ring of magical power

@: mighty
A: reduced essence, permanent stasis, dig shafts and tunnels, antennae 3, four
strong arms
a: Dig, Shaft Self, Renounce Religion, Recall Ancestor, Ancestor Identity,
Transference, Idealise


You were on level 12 of the Dungeon.
You worshipped Hepliaklqana.
Hepliaklqana was extremely pleased with you.
You visited 1 branch of the dungeon, and saw 14 of its levels.

You collected 451 gold pieces.

Inventory:

Hand Weapons
 a - a +0 quarterstaff (weapon)
Missiles
 r - 2 throwing nets
 w - 3 silver javelins
 y - 4 boomerangs (quivered)
 B - 11 atropa-tipped darts
 G - 13 javelins
Armour
 b - a +0 scale mail (worn)
 c - a +0 buckler (worn)
 m - a +1 pair of boots (worn)
 F - a +2 cloak (worn)
Jewellery
 f - a ring of magical power (left hand)
 D - a ring of magical power (right hand)
 E - a ring of flight
Wands
 e - a wand of flame (14)
 C - a wand of iceblast (9)
Scrolls
 h - a scroll of enchant armour
 i - a scroll of teleportation
 l - 2 scrolls of amnesia {unknown}
 s - a scroll of magic mapping {unknown}
 u - a scroll of fog {unknown}
 x - a scroll of fear {unknown}
 A - 2 scrolls of identify
Potions
 d - a potion of might
 g - 2 potions of brilliance {unknown}
 j - 2 potions of magic
 k - 2 potions of haste
 n - a potion of flight
 o - a potion of cancellation
 p - 3 potions of lignification
 t - a potion of ambrosia {unknown}
 v - a potion of attraction {unknown}
 z - 5 potions of curing


   Skills:
 + Level 9.6 Fighting
 + Level 11.7 Staves
 + Level 0.6 Throwing
 + Level 10.2 Armour
 + Level 4.7 Dodging
 + Level 5.1 Stealth
 + Level 7.2 Shields


You had 11 spell levels left.
You didn't know any spells.
Your spell library contained the following spells:

 Spells                   Type           Power      Damage    Failure   Level
 Animate Skeleton         Necr           0%         N/A       63%         1
 Apportation              Tloc           0%         N/A       63%         1
 Foxfire                  Conj/Fire      0%         2x1d4     63%         1
 Summon Small Mammal      Summ           0%         N/A       63%         1
 Conjure Flame            Conj/Fire      0%         6-21      94%         3
 Inner Flame              Hex/Fire       0%         N/A       94%         3
 Ozocubu's Armour         Ice            0%         N/A       94%         3
 Animate Armour           Summ/Erth      0%         N/A       100%        4
 Flame Wave               Conj/Fire      0%         3d3       100%        4
 Blade Hands              Tmut           0%         N/A       100%        5
 Metabolic Englaciation   Hex/Ice        0%         N/A       100%        5
 Iron Shot                Conj/Erth      0%         9d1       100%        6
 Simulacrum               Ice/Necr       0%         N/A       100%        6


Dungeon Overview and Level Annotations

Branches:
Dungeon (14/15)            Temple (0/1) D:6            Lair (0/6) D:9
    Orc (0/2) D:10
 Vaults: D:13-14

Altars:
Cheibriados
Hepliaklqana
Nemelex Xobeh
Qazlal
Ru
Trog
Wu Jian
Xom
The Shining One

Shops:
D:5 (

Annotations:
D:11 exclusions: 2 sensed monsters (detected) and two-headed ogre
D:14 Rupert


Innate Abilities, Weirdness & Mutations

Your life essence is reduced to manifest your ancestor. (-10% HP)
You cannot be hasted, slowed, berserked, paralysed or teleported.
You can dig through walls and to a lower floor.
You have a pair of large antennae on your head. (SInv)
Your four strong arms can wield two-handed weapons with a shield.


Message History

The five-headed hydra is lightly wounded.
You completely miss the five-headed hydra.
The five-headed hydra is lightly wounded.
The five-headed hydra bites you.
* * * LOW HITPOINT WARNING * * *
The five-headed hydra bites you but does no damage.
The five-headed hydra completely misses you.
The five-headed hydra bites you.
* * * LOW HITPOINT WARNING * * *
The five-headed hydra bites you but does no damage.
You feel much better. The five-headed hydra bites you.
* * * LOW HITPOINT WARNING * * *
The five-headed hydra bites you!
* * * LOW HITPOINT WARNING * * *
The five-headed hydra misses you.
The five-headed hydra closely misses you.
The five-headed hydra bites you.
* * * LOW HITPOINT WARNING * * *
You feel very mighty all of a sudden. The five-headed hydra bites you.
* * * LOW HITPOINT WARNING * * *
The five-headed hydra closely misses you. x2
The five-headed hydra bites you.
* * * LOW HITPOINT WARNING * * *
You block the five-headed hydra's attack.
You feel much better. The five-headed hydra bites you!
* * * LOW HITPOINT WARNING * * *
The five-headed hydra bites you but does no damage. x2
The five-headed hydra bites you.
* * * LOW HITPOINT WARNING * * *
The five-headed hydra bites you.
* * * LOW HITPOINT WARNING * * *
You bludgeon the five-headed hydra!!
The five-headed hydra is heavily wounded.
The five-headed hydra closely misses you.
You block the five-headed hydra's attack.
The five-headed hydra bites you.
* * * LOW HITPOINT WARNING * * *
The five-headed hydra bites you!
You die...

....... .......
....... .......
.......########
...............
....Z.D........
.......@.......
...............
...............
###############


You could see a five-headed hydra and a polar bear simulacrum.

Vanquished Creatures
  An ugly thing (D:9)
  2 unseen horrors (D:11)
  A troll (D:10)
  A spriggan (D:10)
  3 wyverns
  3 wraiths
  5 yaks (D:9)
  A steam dragon (D:6)
  A vampire mosquito (D:11)
  An acid dragon (D:11)
  3 water moccasins
  3 orc warriors
  An ice beast (D:6)
  A black bear (D:9)
  2 wolves (D:9)
  4 centaurs
  2 necrophages
  An ogre (D:4)
  A phantom (D:5)
  2 kobold brigands
  A water moccasin skeleton (D:4)
  4 wights
  6 centaur zombies
  A jelly (D:6)
  A hound (D:6)
  5 orc priests
  2 iguanas
  3 orc wizards
  Natasha (twice) (D:2)
  Robin (D:3)
  3 gnolls (D:7)
  A white imp (D:5)
  An ufetubus (D:6)
  A dart slug (D:2)
  9 orcs
  5 ball pythons
  3 bats
  4 endoplasms
  2 giant cockroaches
  10 goblins
  10 hobgoblins
  11 jackals
  2 quokkas (D:1)
  3 frilled lizards
  9 kobolds
  3 rats
142 creatures vanquished.

Vanquished Creatures (collateral kills)
  Josephine (D:10)
  A two-headed ogre (D:7)
  3 trolls
  A yak (D:9)
  2 shadows
  3 wraiths (D:10)
  A basilisk (D:9)
  2 vampire mosquitoes (D:11)
  3 water moccasins
  An ice beast (D:4)
  An orc warrior (D:11)
  Duvessa (D:4)
  2 black bears
  2 ogres
  A wolf (D:9)
  2 bullfrogs
  A gnoll sergeant (D:7)
  Dowan (D:5)
  4 wights
  8 killer bees
  A howler monkey (D:4)
  2 hounds
  A jelly (D:6)
  3 iguanas
  Natasha (D:2)
  8 orc wizards
  A killer bee zombie (D:8)
  2 adders
  4 gnolls (D:7)
  3 worms
  11 orcs
  2 goblins
  4 hobgoblins
  5 kobolds
  2 quokkas
  A ball python (D:4)
  A rat (D:3)
  A spectral kobold (D:4)
94 creatures vanquished.

Vanquished Creatures (others)
  6 battlemagi
  An ancestor (D:3)
  6 fungi (D:9)
  16 plants (D:9)
29 creatures vanquished.

Grand Total: 265 creatures vanquished

Notes
Turn   | Place    | Note
-------+----------+-------------------------------------------
     0 | D:1      | Astera the Formicid Fighter began the quest for the Orb.
     0 | D:1      | Reached XP level 1. HP: 18/18 MP: 1/1
   222 | D:1      | Reached XP level 2. HP: 22/24 MP: 2/2
   586 | D:1      | Reached XP level 3. HP: 28/29 MP: 3/3
  1374 | D:2      | Noticed Natasha
  1383 | D:2      | Killed Natasha
  1384 | D:2      | Reached skill level 3 in Staves
  1384 | D:2      | Reached XP level 4. HP: 28/37 MP: 4/4
  1735 | D:2      | Found a faded altar of an unknown god.
  1743 | D:2      | Became a worshipper of Hepliaklqana the Forgotten
  1743 | D:2      | Reached * piety under Hepliaklqana
  1867 | D:2      | Noticed Natasha
  1871 | D:2      | Killed Natasha
  1984 | D:2      | Noticed Natasha
  1990 | D:2      | Killed Natasha
  1991 | D:2      | Reached XP level 5. HP: 37/37 MP: 5/5
  2154 | D:2      | Found a hazy altar of Hepliaklqana.
  2782 | D:3      | Noticed Robin
  2913 | D:3      | Killed Robin
  3091 | D:3      | Found a shimmering altar of Xom.
  3225 | D:3      | Found a snail-covered altar of Cheibriados.
  3252 | D:3      | Reached skill level 4 in Staves
  3295 | D:3      | Reached ** piety under Hepliaklqana
  3296 | D:3      | Remembered your ancestor Servius as a battlemage
  3552 | D:4      | Reached XP level 6. HP: 43/43 MP: 6/6
  3647 | D:4      | Reached skill level 1 in Stealth
  3847 | D:4      | Noticed an ogre
  3853 | D:4      | Killed an ogre
  4001 | D:4      | Reached skill level 1 in Dodging
  4001 | D:4      | Reached XP level 7. HP: 49/49 MP: 7/7
  4089 | D:4      | Found a hazy altar of Hepliaklqana.
  4423 | D:5      | Entered Level 5 of the Dungeon
  4434 | D:5      | Reached skill level 5 in Staves
  4448 | D:5      | Reached skill level 5 in Armour
  4517 | D:5      | Found a sparkling altar of Nemelex Xobeh.
  4733 | D:5      | Noticed Duvessa
  4733 | D:5      | Noticed Dowan
  4736 | D:5      | Killed Dowan
  5012 | D:4      | Reached XP level 8. HP: 47/54 MP: 8/8
  5012 | D:4      | Killed Duvessa
  5013 | D:4      | Reached skill level 5 in Fighting
  5013 | D:4      | Reached skill level 6 in Staves
  5053 | D:5      | Found a sacrificial altar of Ru.
  5097 | D:5      | Found Guotogi's Antique Weapon Emporium.
  5147 | D:5      | Found Wuywn's Self-Improvement Boutique.
  5488 | D:5      | Reached *** piety under Hepliaklqana
  5839 | D:5      | You fall into a shaft and drop 3 floors!
  5846 | D:8      | Found a stormy altar of Qazlal.
  5990 | D:6      | Reached skill level 7 in Staves
  5990 | D:6      | Reached XP level 9. HP: 33/61 MP: 9/9
  6274 | D:6      | Found an ornate altar of the Wu Jian Council.
  6486 | D:6      | Found a staircase to the Ecumenical Temple.
  6800 | D:6      | Reached skill level 5 in Shields
  7658 | D:7      | Reached skill level 8 in Staves
  7977 | D:7      | Found a bloodstained altar of Trog.
  8655 | D:7      | Reached **** piety under Hepliaklqana
  8851 | D:8      | Reached XP level 10. HP: 69/69 MP: 10/10
  8852 | D:8      | Noticed a two-headed ogre
  9217 | D:7      | Killed a two-headed ogre
  9356 | D:7      | Reached skill level 9 in Staves
  9944 | D:9      | Found a glowing golden altar of the Shining One.
 10046 | D:9      | Noticed a cyan ugly thing
 10068 | D:9      | Killed a cyan ugly thing
 10381 | D:9      | Reached XP level 11. HP: 60/77 MP: 11/11
 10409 | D:9      | Reached skill level 10 in Staves
 10675 | D:9      | Found a staircase to the Lair.
 11243 | D:10     | Entered Level 10 of the Dungeon
 11320 | D:10     | Upgraded the game from 0.28-a0-409-g6a72785379 to
                  | 0.28-a0-413-gde365fb1df
 11461 | D:10     | Noticed Josephine
 11476 | D:10     | Killed Josephine
 11618 | D:10     | Reached skill level 11 in Staves
 11676 | D:10     | Reached skill level 10 in Armour
 11861 | D:10     | Found a staircase to the Orcish Mines.
 12361 | D:11     | Reached skill level 5 in Stealth
 12514 | D:11     | Reached XP level 12. HP: 85/85 MP: 12/12
 12647 | D:11     | Noticed a two-headed ogre
 13241 | D:11     | Reached ***** piety under Hepliaklqana
 13479 | D:11     | You fall into a shaft and drop 3 floors!
 13479 | D:14     | Noticed Rupert
 13486 | D:13     | Noticed a five-headed hydra
 13486 | D:13     | Noticed a five-headed hydra
 13490 | D:13     | HP: 3/86 [five-headed hydra (9)]
 13496 | D:12     | HP: 4/86 [five-headed hydra (2)]
 13498 | D:12     | Slain by a five-headed hydra

Illustrated notes

Levels and vault maps discovered:
D:1:      dpeg_arrival_concentric_ovals, layout_basic
D:2:      layout_basic, basic_ecumenical_altar, uniq_natasha
D:3:      layout_loops_ring, lemuel_tele_altar, cheibriados_altar_1,
          serial_bayou_ford_a, uniq_robin
D:4:      layout_loops_cross, nicolae_hepliaklqana_monster_ancestors
D:5:      layout_cave_pools, lemuel_doored_altar, general_overflow_altar,
          serial_shops, shop, nicolae_ossuary_entry_monument,
          minmay_misc_feat_chi, chequers_serial_rivers_small_3,
          nicolae_shop_self_help, uniq_duvessa
D:6:      layout_loops_ring, mainiacjoe_overflow_chevrons,
          minmay_temple_entry_grid
D:7:      layout_cave_pods, trog_hazing_becter, kennysheep_generic_room_13
D:8:      layout_cave_pools, mainiacjoe_overflow_cross_hatched
D:9:      layout_rooms, nicolae_overflow_crystal_walls, minmay_lair_entry_grove,
          kennysheep_generic_room_11
D:10:     layout_loops_ring, orc_0_dummy, the_hattery, uniq_josephine
D:11:     layout_roguey [special_room_orc]
D:12:     layout_stronghold, portal_ice_cave_entry_ice_simulacra,
          patterned_corridor
D:13:     layout_stronghold, erik_vaults_1, uniq_azrael, uniq_sonja
D:14:     layout_long_grid, minmay_misc_feat_hallway, uniq_rupert

Skill      XL: |  1  2  3  4  5  6  7  8  9 10 11 |
---------------+----------------------------------+-----
Staves         | 3 4 5 7 8 9 11 | 11.7
Armour         | 4 5 6 7 9 10 | 10.2
Fighting       | 4 5 6 7 9 |  9.6
Shields        | 4 5 6 7 |  7.2
Stealth        | 1 2 3 5 |  5.1
Dodging        | 1 2 3 4 |  4.7
Throwing       | |  0.6

Action                   |  1- 3 |  4- 6 |  7- 9 | 10-12 || total
-------------------------+-------+-------+-------+-------++-------
Melee: Quarterstaff      |   101 |    82 |   195 |   351 ||   729
Throw: Boomerang         |       |       |       |     4 ||     4
Invok: Ancestor Life: Ba |       |     1 |       |       ||     1
       Recall Ancestor   |       |       |     1 |       ||     1
 Abil: Dig               |       |       |       |     3 ||     3
       Shaft Self        |       |       |       |     1 ||     1
  Use: Scroll            |       |     5 |     5 |     2 ||    12
       Potion            |       |       |       |     5 ||     5
 Stab: Distracted        |       |     2 |     3 |     7 ||    12
Armor: Scale mail        |    49 |    36 |    79 |   145 ||   309
Dodge: Dodged            |    55 |    35 |   114 |   152 ||   356
Block: Buckler           |    15 |    13 |    35 |    82 ||   145

Table legend: (Time is in decaauts)
 A = Elapsed time spent in this place.
 B = Non-inter-level travel time spent in this place.
 C = Inter-level travel time spent in this place.
 D = Time resting spent in this place.
 E = Time spent auto-exploring this place.
 F = Levels seen in this place.
 G = Mean time per level.
                   A        B        C        D        E       F      G
               +--------+--------+--------+--------+--------+-----+--------+
         Total |  13486 |  12775 |    711 |   3514 |   5384 |  14 |  963.3 |
       Dungeon |  13486 |  12775 |    711 |   3514 |   5384 |  14 |  963.3 |
               +--------+--------+--------+--------+--------+-----+--------+

Top non-repeatable levels by time:
     D:7: 2168 daAuts
     D:2: 1827 daAuts
     D:9: 1375 daAuts
     D:4: 1357 daAuts
     D:6: 1294 daAuts
    D:11: 1215 daAuts
     D:1: 1065 daAuts
     D:5: 997 daAuts
    D:10: 937 daAuts
     D:3: 717 daAuts
     D:8: 512 daAuts
    D:14: 6 daAuts
    D:12: 6 daAuts
    D:13: 4 daAuts
